 Seeded DCSS version 0.30-a0-793-g160f7cfddd (webtiles) character file.

Game seed: 2869265305504195120 (custom seed)

112 timneilson the Covered (level 4, -3/29 HPs)
             Began as a Gargoyle Fighter on Feb 19, 2023.
             Slain by a gnoll
             ... wielding a +0 halberd
              (11 damage)
             ... on level 3 of the Dungeon.
             The game lasted 00:02:33 (1886 turns).

timneilson the Covered (Gargoyle Fighter)           Turns: 1886, Time: 00:02:35

Health: -3/29      AC: 13    Str: 19    XL:     4   Next: 93%
Magic:  4/4        EV:  7    Int:  9    God:
Gold:   98         SH:  5    Dex: 11    Spells: 3/3 levels left

rFire   . . .      SeeInvis .    a - +1 long sword
rCold   . . .      Faith    .    c - +1 buckler
rNeg    + . .      Spirit   .    k - +0 chain mail
rPois   ∞          Reflect  .    (no helmet)
rElec   +          Harm     .    (no cloak)
rCorr   +          Rampage  .    (no gloves)
Will    .....                    (no boots) Stlth
                                 (no amulet)
HPRegen 0.24/turn                e - ring of resist corrosion
MPRegen 0.09/turn                (no ring)

@: studying Armour
A: sickness immunity, AC +3, negative energy resistance 1, electricity
resistance, torment resistance 1, petrification resistance
a: no special abilities


You were on level 3 of the Dungeon.
You visited 1 branch of the dungeon, and saw 3 of its levels.

You collected 98 gold pieces.

Inventory:

Hand Weapons
 a - a +1 long sword (weapon)
Armour
 c - a +1 buckler (worn)
 k - a +0 chain mail (worn)
Jewellery
 e - a ring of resist corrosion (left hand)
 h - a ring of fire
Scrolls
 m - 3 scrolls of identify
Potions
 d - a potion of might
 f - a potion of cancellation
 i - a potion of brilliance
 l - 2 potions of mutation


   Skills:
 + Level 3.7 Fighting
 * Level 2.6 Long Blades
 * Level 4.3 Armour
 + Level 0.9 Dodging
 * Level 4.1 Shields


You had 3 spell levels left.
You didn't know any spells.
Your spell library contained the following spells:

 Spells                   Type           Power      Damage    Failure   Level
 Sandblast                Erth           0%         2d4       99%         1
 Passwall                 Tmut/Erth      0%         N/A       100%        2
 Stone Arrow              Conj/Erth      0%         3d7       100%        3


Dungeon Overview and Level Annotations

Branches:
Dungeon (3/15)

Altars:


Innate Abilities, Weirdness & Mutations

You are immune to sickness and miasma.
Your stone body is resilient. (AC +3)
You are immune to poison.
You resist negative energy. (rN+)
You are resistant to electric shocks. (rElec)
You are resistant to unholy torment.
You are immune to petrification.


Message History

You kill Natasha!
Natasha growls in agony!
You feel yourself speed up. 2 gnolls come into view.
The gnoll shouts!
You hear a shout!
The gnoll barely misses you.
You slash the gnoll!
The gnoll is severely wounded.
The gnoll hits you but does no damage.
You hit the gnoll but do no damage.
The gnoll is severely wounded.
The gnoll hits you but does no damage.
You slash the gnoll!
The gnoll is severely wounded.
The gnoll hits you from afar with a +0 halberd!
A gnoll comes into view. It is wielding a +0 flail.
The gnoll hits you with a +0 flail!
You barely miss the gnoll.
The gnoll is severely wounded.
The gnoll shouts!
You block the gnoll's attack. The gnoll barely misses you.
You hit the gnoll.
The gnoll is severely wounded.
The gnoll completely misses you. The gnoll barely misses you.
You closely miss the gnoll.
The gnoll is severely wounded.
The gnoll barely misses you. You block the gnoll's attack. x2
The gnoll hits you but does no damage.
You hit the gnoll.
You kill the gnoll!
The gnoll hits you from afar with a +0 halberd.
* * * LOW HITPOINT WARNING * * *
Okay, then.
The gnoll hits you but does no damage.
Things that are here:
a +0 flail; a gnoll corpse You closely miss the gnoll.
The gnoll is severely wounded.
The gnoll hits you with a +0 halberd!
You die...

#g #. #.
#.#### #....#
####.# #g# #..
#g# #.# #@#
#.# #.# #.#
#.# #.# #.#
#.#
###.########.#
#.#
#............#
#.#
#.#..#######.#
#.# #.#..# #.#
#.# #.#..#
####.#######


You could see 2 gnolls.

Vanquished Creatures
  Natasha (D:3)
  2 adders (D:2)
  A gnoll (D:3)
  A worm (D:2)
  3 dart slugs
  An endoplasm (D:3)
  A giant cockroach (D:1)
  8 goblins
  3 hobgoblins (D:1)
  A jackal (D:2)
  A kobold (D:2)
  4 quokkas
  9 ball pythons
  4 bats
  4 frilled lizards
  8 rats
52 creatures vanquished.

Notes
Turn   | Place    | Note
-------+----------+-------------------------------------------
     0 | D:1      | timneilson the Gargoyle Fighter began the quest for the
                  | Orb.
     0 | D:1      | Reached XP level 1. HP: 14/14 MP: 1/1
   134 | D:1      | Reached XP level 2. HP: 19/19 MP: 2/2
   638 | D:1      | Reached XP level 3. HP: 23/23 MP: 3/3
  1394 | D:2      | Identified the +6 quarterstaff "Daifyann" {elec, +Blink
                  | rPois Dex+2}
  1419 | D:2      | Reached XP level 4. HP: 28/28 MP: 4/4
  1755 | D:2      | Identified a scroll of acquirement
  1755 | D:2      | Acquired a manual of Armour
  1821 | D:3      | Noticed Natasha
  1829 | D:3      | Killed Natasha
  1886 | D:3      | Slain by a gnoll

Illustrated notes

Levels and vault maps discovered:
D:1:      nagdon_arrival_double_spiral, layout_basic
D:2:      layout_loops_ring, serial_bayou_pond_d, minmay_pentomino_z4
D:3:      layout_loops_ring, serial_shops, shop, shop, shop,
          nicolae_diamond_shop, uniq_natasha, uniq_pargi

Skill      XL: |  1  2  3  4 |
---------------+-------------+-----
Long Blades    | 2 |  2.6
Armour         | 4 |  4.3
Shields        | 4 |  4.1
Fighting       | |  3.7
Dodging        | |  0.9

Action                     |  1- 3 |  4- 6 || total
---------------------------+-------+-------++-------
  Melee: Long sword        |   144 |    38 ||   182
    Use: Scroll            |     1 |     6 ||     7
 Armour: Scale mail        |    84 |       ||    84
         Chain mail        |     6 |    18 ||    24
  Dodge: Dodged            |    56 |    16 ||    72
  Block: Buckler           |    35 |     8 ||    43

Table legend: (Time is in decaauts)
 A = Elapsed time spent in this place.
 B = Non-inter-level travel time spent in this place.
 C = Inter-level travel time spent in this place.
 D = Time resting spent in this place.
 E = Time spent auto-exploring this place.
 F = Levels seen in this place.
 G = Mean time per level.
                   A        B        C        D        E       F      G
               +--------+--------+--------+--------+--------+-----+--------+
         Total |   1953 |   1865 |     88 |     35 |   1425 |   3 |  651.0 |
       Dungeon |   1953 |   1865 |     88 |     35 |   1425 |   3 |  651.0 |
               +--------+--------+--------+--------+--------+-----+--------+

Top non-repeatable levels by time:
     D:1: 1051 daAuts
     D:2: 780 daAuts
     D:3: 121 daAuts
